 Dungeon Crawl Stone Soup version 0.24-a0-640-ge7cd8ce796 (webtiles) character file.

Game seed: 11739465944540900356, levelgen mode: deterministic

4220 Aggronaut the Cleaver (level 10, -28/115 HPs)
             Began as a Demonspawn Berserker on Sept 17, 2019.
             Was an Elder of Trog.
             Annihilated by a white ugly thing (31 damage)
             ... on level 13 of the Dungeon on Sept 25, 2019.
             The game lasted 00:24:46 (7207 turns).

Aggronaut the Cleaver (Demonspawn Berserker)        Turns: 7207, Time: 00:24:46

Health: -28/115    AC:  9    Str: 28    XL:     10   Next: 9%
Magic:  10/10      EV: 11    Int:  8    God:    Trog [****..]
Gold:   281        SH:  0    Dex: 14    Spells: 9/9 levels left

rFire    . . .     SeeInvis +   C - +0 broad axe
rCold    . . .     Gourm    .   (no shield)
rNeg     . . .     Faith    .   y - +0 scale mail (curse)
rPois    +         Spirit   .   t - +0 hat {SInv}
rElec    .         Reflect  .   q - +1 cloak {rPois}
rCorr    .         Harm     .   B - +0 pair of gloves
MR       .....                  (no boots)
Stlth    ..........             (no amulet)
HPRegen  0.29/turn              s - +3 ring of strength
MPRegen  0.12/turn              D - ring of stealth

@: berserking, very quick
A: antennae 2, nightstalker 1
a: Berserk, Trog's Hand, Brothers in Arms, Renounce Religion


You were on level 13 of the Dungeon.
You worshipped Trog.
Trog was greatly pleased with you.
You were not hungry.

You visited 2 branches of the dungeon, and saw 10 of its levels.

You collected 413 gold pieces.
You spent 132 gold pieces at shops.

Inventory:

Hand Weapons
 b - a +0 battleaxe
 C - a +0 broad axe (weapon)
Missiles
 i - 4 atropa-tipped darts
 o - 5 poisoned darts (quivered)
 G - a throwing net
Armour
 q - a +1 cloak of poison resistance (worn)
 t - a +0 hat of see invisible (worn)
 y - a cursed +0 scale mail (worn)
 B - a +0 pair of gloves (worn)
Jewellery
 s - a +3 ring of strength (left hand)
 z - an uncursed ring of stealth
 D - a ring of stealth (right hand)
Wands
 g - a wand of polymorph (4)
 w - a wand of digging (4)
 A - a wand of flame (1)
 F - a wand of paralysis (13)
Scrolls
 d - a scroll of magic mapping {unknown}
 e - 6 scrolls of teleportation
 h - 2 scrolls of fear {unknown}
 m - 3 scrolls of enchant armour
 n - a scroll of blinking {unknown}
 v - a scroll of amnesia {unknown}
 I - a scroll of enchant weapon {unknown}
Potions
 a - 6 potions of haste
 f - 2 potions of agility
 j - 2 potions of resistance
 k - a potion of lignification
 l - 2 potions of ambrosia {unknown}
 p - a potion of curing
 r - 3 potions of might
 u - 2 potions of mutation
 x - 2 potions of brilliance
 E - a potion of flight
 H - 2 potions of cancellation {unknown}
Comestibles
 c - 11 rations


   Skills:
 + Level 6.9 Fighting
 * Level 12.2 Axes
 - Level 1.7 Armour
 - Level 1.7 Dodging


You had 9 spell levels left.
You didn't know any spells.
Your spell library contained the following spells:

 Spells                   Type           Power        Failure   Level  Hunger
 Magic Dart               Conj           #...         67%         1    ##.....
 Blink                    Tloc           N/A          82%         2    ###....
 Call Imp                 Summ           #.......     82%         2    ###....
 Slow                     Hex            #.......     82%         2    ###....
 Conjure Flame            Conj/Fire      #.......     96%         3    ####...
 Mephitic Cloud           Conj/Pois/Air  #.......     96%         3    ####...


Dungeon Overview and Level Annotations

Branches:
Dungeon (10/15)            Temple (1/1) D:5
   Lair: D:8-11         Orc: D:9-12

Altars:
Ashenzari
Cheibriados
Dithmenos
Elyvilon
Fedhas
Gozag
Kikubaaqudgha
Makhleb
Nemelex Xobeh
Okawaru
Qazlal
Ru
Sif Muna
Trog
Uskayaw
Vehumet
Wu Jian
The Shining One

Shops:
D:4 !

Annotations:
D:3 exclusion: oklob plant
D:10 Erica, Sonja


Innate Abilities, Weirdness & Mutations

You have a pair of antennae on your head.
You are slightly more attuned to the shadows.


Message History

* * * LOW HITPOINT WARNING * * *
You slice the white ugly thing!!
The white ugly thing is moderately wounded.
The white ugly thing bites you!
* * * LOW HITPOINT WARNING * * *
The white ugly thing freezes you!
* * * LOW HITPOINT WARNING * * *
Your scale mail prevents you from hitting the white ugly thing.
The white ugly thing is moderately wounded.
A hound comes into view.
The hound barks!
You slash the white ugly thing!
The white ugly thing is heavily wounded.
The white ugly thing bites you but does no damage.
You closely miss the white ugly thing.
The white ugly thing is heavily wounded.
The white ugly thing bites you.
* * * LOW HITPOINT WARNING * * *
The white ugly thing freezes you!!
You die...

###########
.........#
.......#
###.....#
#...@..<#
#.#.u...#
#.......#
#........#
#h#.#..+###
.#..#...
.##..#....


You could see a white ugly thing and a hound.

Vanquished Creatures
  Harold (D:7)
  A centaur skeleton (D:10)
  A troll (D:10)
  A hippogriff (D:10)
  A wraith (D:10)
  Sigmund (D:2)
  A vampire (D:10)
  Menkaure (D:5)
  A hornet zombie (D:6)
  2 ice beasts (D:7)
  A phantom (D:5)
  2 sky beasts
  5 ogres
  2 centaurs
  Blork the orc (D:4)
  4 bullfrogs
  A howler monkey (D:6)
  4 crimson imps
  A centaur zombie (D:6)
  2 bullfrog zombies
  Crazy Yiuf (D:2)
  2 hounds
  An orc wizard (D:4)
  Terence (D:3)
  5 worker ants
  An iguana (D:7)
  2 hound zombies (D:6)
  A hound skeleton (D:6)
  Robin (D:2)
  A howler monkey zombie (D:6)
  8 adders
  2 shadow imps
  2 oozes
  3 worms
  8 leopard geckos
  12 orcs
  3 giant cockroaches
  12 goblins
  10 hobgoblins
  9 jackals
  10 kobolds
  3 quokkas
  10 bats
  5 frilled lizards
  A leopard gecko zombie (D:7)
  6 rats
154 creatures vanquished.

Notes
Turn   | Place    | Note
-------+----------+-------------------------------------------
     0 | D:1      | Aggronaut the Demonspawn Berserker began the quest for the
                  | Orb.
     0 | D:1      | Reached XP level 1. HP: 18/18 MP: 1/1
    62 | D:1      | Reached skill level 3 in Axes
    99 | D:1      | Gained mutation: You are slightly more attuned to the
                  | shadows. [demonic ancestry]
    99 | D:1      | Reached XP level 2. HP: 22/24 MP: 2/2
   557 | D:1      | Upgraded the game from 0.24-a0-619-gb7544fd237 to
                  | 0.24-a0-640-ge7cd8ce796
   707 | D:1      | Reached ** piety under Trog
   710 | D:1      | Reached XP level 3. HP: 23/29 MP: 3/3
  1196 | D:1      | Reached skill level 4 in Axes
  1348 | D:2      | Noticed Sigmund
  1402 | D:2      | Killed Sigmund
  1402 | D:2      | Reached skill level 5 in Axes
  1402 | D:2      | Reached XP level 4. HP: 24/35 MP: 4/4
  1402 | D:2      | Gained mutation: You have a pair of small antennae on your
                  | head. [demonic ancestry]
  1402 | D:2      | Reached XP level 5. HP: 29/41 MP: 5/5
  1970 | D:2      | Noticed Robin
  1982 | D:2      | Killed Robin
  1982 | D:2      | Reached skill level 6 in Axes
  2450 | D:2      | Found a runed translucent door.
  2451 | D:2      | Noticed Crazy Yiuf
  2458 | D:2      | Killed Crazy Yiuf
  2458 | D:2      | Reached XP level 6. HP: 47/47 MP: 6/6
  2697 | D:3      | Reached *** piety under Trog
  2978 | D:3      | Noticed Terence
  2998 | D:3      | Killed Terence
  3346 | D:3      | Found a blossoming altar of Fedhas.
  3365 | D:3      | Noticed an oklob plant
  3612 | D:4      | Noticed Blork the orc
  3614 | D:4      | Found Isueff's Distillery.
  3621 | D:4      | Killed Blork the orc
  3621 | D:4      | Reached skill level 7 in Axes
  3638 | D:4      | Bought a potion of mutation for 88 gold pieces
  3638 | D:4      | Bought a potion of might for 44 gold pieces
  3757 | D:4      | Reached XP level 7. HP: 52/52 MP: 7/7
  3935 | D:4      | Found a radiant altar of Vehumet.
  3936 | D:4      | Found a burning altar of Makhleb.
  3938 | D:4      | Reached skill level 8 in Axes
  3966 | D:5      | Entered Level 5 of the Dungeon
  3967 | D:5      | Found a staircase to the Ecumenical Temple.
  4186 | D:5      | Noticed Menkaure
  4194 | D:5      | Killed Menkaure
  4194 | D:5      | Reached skill level 9 in Axes
  4194 | D:5      | Reached XP level 8. HP: 7/58 MP: 8/8
  4210 | Temple   | Entered the Ecumenical Temple
  5242 | D:6      | Reached skill level 10 in Axes
  5358 | D:6      | Reached **** piety under Trog
  5417 | D:6      | Found a shimmering blue altar of Sif Muna.
  5418 | D:6      | Found a snail-covered altar of Cheibriados.
  6156 | D:7      | Noticed Harold
  6170 | D:7      | Killed Harold
  6170 | D:7      | Reached skill level 5 in Fighting
  6170 | D:7      | Reached skill level 11 in Axes
  6170 | D:7      | Gained mutation: You have a pair of antennae on your head.
                  | [demonic ancestry]
  6170 | D:7      | Reached XP level 9. HP: 59/68 MP: 9/9
  6872 | D:7      | You fall into a shaft and drop 3 floors!
  6872 | D:10     | Entered Level 10 of the Dungeon
  6872 | D:10     | Noticed Sonja
  6873 | D:10     | Noticed a troll
  6885 | D:10     | Killed a troll
  6893 | D:10     | Reached skill level 12 in Axes
  6893 | D:10     | Reached XP level 10. HP: 31/77 MP: 10/10
  7195 | D:10     | Noticed Erica
  7197 | D:10     | You fall into a shaft and drop 3 floors!
  7198 | D:13     | Noticed a white ugly thing
  7207 | D:13     | HP: 3/115 [white ugly thing (5)]
  7207 | D:13     | Annihilated by a white ugly thing

Levels and vault maps discovered:
D:1:      evilmike_arrival_run_for_it, layout_basic,
          kennysheep_decorative_pillar
D:2:      minmay_chambers_of_ones, layout_basic, uniq_robin, uniq_sigmund,
          uniq_crazy_yiuf_cottage
D:3:      layout_basic, tgw_fedhas, first_ration, uniq_terence
D:4:      layout_basic, grunt_temple_overflow_lords_of_destruction,
          serial_shops, shop, kennysheep_generic_room_6, uniq_blork_the_orc
D:5:      layout_rooms, minmay_temple_entry_slanted, serial_rivers,
          chequers_serial_rivers_small_b, chequers_serial_rivers_micro_a,
          chequers_serial_rivers_micro_a, chequers_serial_rivers_room_b,
          uniq_menkaure
D:6:      layout_cave_pools, gammafunk_temple_overflow_statue
D:7:      minmay_skewed_foursquare, layout_basic, minitemple,
          corexii_item_surrounded_by_moat, uniq_harold
D:10:     layout_cave_pools, uniq_sonja, uniq_erica
D:13:     layout_gridville, lightli_vaults_fourway_checkpoint,
          minmay_shattered_shrine, uniq_jorgrun, uniq_nessos, uniq_josephine,
          uniq_snorg
Temple:   cyrus_circular_temple

Skill      XL: |  1  2  3  4  5  6  7  8  9 |
---------------+----------------------------+-----
Axes           | 3 5 6 7 9 11 12 | 12.2
Fighting       | 5 6 |  6.9
Armour         | |  1.7
Dodging        | |  1.7

Action                   |  1- 3 |  4- 6 |  7- 9 | 10-12 || total
-------------------------+-------+-------+-------+-------++-------
Melee: Hand axe          |   101 |   210 |       |       ||   311
       Battleaxe         |       |    18 |    88 |       ||   106
       Broad axe         |       |       |   114 |    18 ||   132
Throw: Dart              |       |       |     1 |       ||     1
Invok: Berserk           |     2 |     4 |     5 |     2 ||    13
       Trog's Hand       |     1 |       |       |       ||     1
  Use: Potion            |     1 |       |       |       ||     1
       Scroll            |       |     5 |     4 |       ||     9
 Stab: Sleeping          |     3 |     6 |       |       ||     9
  Eat: Chunk             |     2 |    13 |    11 |     1 ||    27
       Ration            |       |       |     1 |     1 ||     2
Armor: Animal skin       |    21 |    10 |       |       ||    31
       Leather armour    |       |    23 |       |       ||    23
       Chain mail        |       |    26 |       |       ||    26
       Scale mail        |       |    14 |    98 |    12 ||   124
Dodge: Dodged            |    66 |   128 |   127 |    11 ||   332

Table legend:
 A = Non-vault XP
 B = Vault XP
 C = Vault XP percentage of total XP
 D = Non-vault monster count
 E = Vault monster count
 F = Vault count percentage of total count
                 A         B        C        D         E       F
            +---------+---------+-------+---------+---------+-------
      Total |    3785 |    2244 |  37.2 |     128 |      26 |  16.9
            +---------+---------+-------+---------+---------+-------
        D:1 |      48 |       5 |   9.4 |      26 |       1 |   3.7
        D:2 |      61 |     293 |  82.8 |      21 |      14 |  40.0
        D:3 |      78 |      36 |  31.6 |      22 |       1 |   4.3
        D:4 |     234 |     267 |  53.3 |      12 |       3 |  20.0
        D:5 |     306 |     183 |  37.4 |       7 |       1 |  12.5
        D:6 |    1143 |       0 |   0.0 |      25 |       0 |   0.0
        D:7 |     484 |    1460 |  75.1 |       9 |       6 |  40.0
       D:10 |    1431 |       0 |   0.0 |       6 |       0 |   0.0
            +---------+---------+-------+---------+---------+-------
